 Dungeon Crawl Stone Soup version 0.30-a0-757-ga6a79fd877 (webtiles) character file.

Game seed: 12982847029976612928

1757 Newt the Skirmisher (level 9, -2/51 HPs)
             Began as a Kobold Hunter on Feb 9, 2023.
             Was an Elder of Hepliaklqana.
             Shot with a sling bullet by Joseph (13 damage)
             ... on level 7 of the Dungeon.
             The game lasted 00:04:47 (6218 turns).

Newt the Skirmisher (Kobold Hunter)                 Turns: 6218, Time: 00:04:48

Health: -2/51      AC:  6    Str:  8    XL:     9   Next: 27%
Magic:  11/12      EV: 18    Int: 11    God:    Hepliaklqana [****..]
Gold:   380        SH:  0    Dex: 22    Spells: 8/8 levels left

rFire   . . .      SeeInvis .    a - +1 shortbow
rCold   . . .      Faith    .    (shield currently unavailable)
rNeg    . . .      Spirit   .    c - +0 leather armour
rPois   .          Reflect  .    (no helmet)
rElec   .          Harm     .    o - +0 cloak
rCorr   .          Rampage  .    k - +0 pair of gloves
Will    +....                    x - +0 pair of boots
Stlth   +++                      (no amulet)
HPRegen 0.28/turn                n - ring of flight
MPRegen 0.13/turn                q - ring of willpower

@: flying
A: reduced essence, small, no large weapons, nightstalker 3
a: Renounce Religion, Recall Ancestor, Ancestor Identity, Transference, Idealise


You were on level 7 of the Dungeon.
You worshipped Hepliaklqana.
Hepliaklqana was greatly pleased with you.
You visited 1 branch of the dungeon, and saw 7 of its levels.

You collected 380 gold pieces.

Inventory:

Hand Weapons
 a - a +1 shortbow (weapon)
Missiles
 y - a throwing net
Armour
 c - a +0 leather armour (worn)
 k - a +0 pair of gloves (worn)
 o - a +0 cloak (worn)
 x - a +0 pair of boots (worn)
Jewellery
 n - a ring of flight (left hand)
 q - a ring of willpower (right hand)
 t - a ring of positive energy
 v - a ring of resist corrosion
Wands
 A - a wand of charming (10)
 D - a wand of polymorph (7)
Scrolls
 b - 3 scrolls of immolation
 e - 2 scrolls of magic mapping
 B - 2 scrolls of silence
 C - a scroll of teleportation
Potions
 d - a potion of might
 f - 3 potions of lignification
 g - 2 potions of cancellation
 h - a potion of flight
 i - a potion of magic
 j - 4 potions of curing
 l - a potion of berserk rage {unknown}
 m - a potion of resistance {unknown}
 p - 2 potions of heal wounds {unknown}
 r - a potion of degeneration {unknown}
 s - 2 potions of brilliance {unknown}
 u - a potion of haste {unknown}
 w - a potion of mutation {unknown}


   Skills:
 + Level 7.5 Fighting
 - Level 10.0 Ranged Weapons
 - Level 6.0 Dodging
 - Level 1.3 Stealth
 - Level 5.0 Invocations


You had 8 spell levels left.
You didn't know any spells.
Your spell library contained the following spells:

 Spells                   Type           Power      Damage    Failure   Level
 Necrotise                Necr           0%         1d4       45%         1
 Sublimation of Blood     Necr           0%         N/A       61%         2
 Wereblood                Tmut           0%         N/A       61%         2
 Mephitic Cloud           Conj/Pois/Air  0%         N/A       83%         3
 Swiftness                Air            0%         N/A       83%         3
 Vampiric Draining        Necr           0%         2d6       83%         3
 Agony                    Necr           0%         N/A       100%        5
 Death Channel            Necr           0%         N/A       100%        6
 Summon Hydra             Summ           0%         N/A       100%        7


Dungeon Overview and Level Annotations

Branches:
Dungeon (7/15)             Temple (0/1) D:5

Altars:
Ashenzari
Cheibriados
Dithmenos
Elyvilon
Hepliaklqana
Ru
The Shining One

Annotations:
D:7 Joseph


Innate Abilities, Weirdness & Mutations

Your life essence is reduced to manifest your ancestor. (-10% HP)
You are small and have problems with some larger weapons.
You are completely attuned to the shadows.


Message History

Fire: a) +1 shortbow
Press: ? - help, Shift-Dir - straight line, f/p - Joseph
Aim: Joseph, wielding a +0 quarterstaff of speed and wearing a +0 ring mail (thin mist, heavily wounded, not watching you, ally target, 74% to hit)
You shoot an arrow. Tiberia avoids your attack.
The arrow barely misses Joseph.
Joseph hits Tiberia with a +0 quarterstaff of speed!!
Tiberia hits Joseph with a +0 flail.
Joseph hits Tiberia with a +0 quarterstaff of speed.
Tiberia is destroyed!
Fire: a) +1 shortbow
Press: ? - help, Shift-Dir - straight line, f/p - Joseph
Aim: Joseph, wielding a +0 quarterstaff of speed and wearing a +0 ring mail (thin mist, heavily wounded, unaware, hasn't noticed you, 74% to hit)
You shoot an arrow.
Joseph shouts!
The arrow hits Joseph!
Joseph is severely wounded.
Joseph unwields a +0 quarterstaff of speed.
Joseph wields a +0 sling.
Joseph shoots a sling bullet.
The sling bullet hits you.
* * * LOW HITPOINT WARNING * * *
Okay, then.
Okay, then.
Okay, then.
Fire: a) +1 shortbow
Press: ? - help, Shift-Dir - straight line, f/p - Joseph
Aim: Joseph, wielding a +0 sling and wearing a +0 ring mail (thin mist, severely wounded, 74% to hit)
You shoot an arrow.
The arrow hits Joseph but does no damage.
Joseph is severely wounded.
Fire: a) +1 shortbow
Press: ? - help, Shift-Dir - straight line, f/p - Joseph
Aim: Joseph, wielding a +0 sling and wearing a +0 ring mail (severely wounded, 74% to hit)
You shoot an arrow. The arrow hits Joseph.
Joseph is severely wounded.
Joseph shoots a sling bullet.
The sling bullet hits you but does no damage.
Really read the scroll of immolation?
As you read the scroll of immolation, it crumbles to dust.
The creatures around you are filled with an inner flame!
Joseph shoots a sling bullet.
The sling bullet hits you!
You die...

#.. ##.<#
##..## ###...#
....>###.....#
........###..#
.....####
###.. ###..##
.. ##..## .#
##..## .#
###@####.#
##§##..#
#)@§..#
##...)...
#.......
##......
#......


You could see Joseph (inner flame).

Vanquished Creatures
  A water moccasin (D:5)
  A black bear (D:4)
  A scorpion (D:5)
  A necrophage (D:4)
  5 wights
  A jelly (D:7)
  2 hounds (D:4)
  2 iguanas
  2 orc wizards
  2 gnolls (D:2)
  3 adders
  A white imp (D:5)
  A worm (D:5)
  2 dart slugs
  5 orcs
  5 ball pythons
  5 endoplasms
  2 giant cockroaches
  5 goblins
  3 hobgoblins
  3 quokkas
  4 bats
  3 frilled lizards
  2 goblin skeletons (D:3)
  2 hobgoblin zombies (D:3)
  6 kobolds
  A kobold zombie (D:3)
  2 orc skeletons (D:3)
  5 rats
78 creatures vanquished.

Vanquished Creatures (collateral kills)
  An ice beast (D:4)
  2 ogres (D:6)
  A bullfrog (D:6)
  A necrophage (D:5)
  8 wights
  A crimson imp (D:3)
  An orc wizard (D:3)
  A gnoll (D:2)
  A worm (D:2)
  7 orcs
  A bat (D:2)
  2 ball pythons
  An orc skeleton (D:3)
  An orc zombie (D:3)
29 creatures vanquished.

Vanquished Creatures (others)
  A knight (D:7)
1 creature vanquished.

Grand Total: 108 creatures vanquished

Notes
Turn   | Place    | Note
-------+----------+-------------------------------------------
     0 | D:1      | Newt the Kobold Hunter began the quest for the Orb.
     0 | D:1      | Reached XP level 1. HP: 12/12 MP: 1/1
    64 | D:1      | Found a faded altar of an unknown god.
   166 | D:1      | Reached XP level 2. HP: 18/18 MP: 2/2
   182 | D:1      | Prayed at the altar of an unknown god.
   182 | D:1      | Became a worshipper of Hepliaklqana the Forgotten
   182 | D:1      | Reached * piety under Hepliaklqana
   577 | D:1      | Reached XP level 3. HP: 20/20 MP: 3/3
   722 | D:1      | Reached ** piety under Hepliaklqana
   896 | D:1      | Remembered your ancestor Tiberia as a knight
  1214 | D:2      | Reached XP level 4. HP: 27/27 MP: 4/4
  1496 | D:3      | You fall into a shaft and drop 3 floors!
  1572 | D:5      | Entered Level 5 of the Dungeon
  1572 | D:5      | Noticed a necrophage
  1576 | D:5      | Killed a necrophage
  1577 | D:5      | Reached skill level 5 in Fighting
  1577 | D:5      | Reached skill level 6 in Ranged Weapons
  1577 | D:5      | Reached XP level 5. HP: 31/31 MP: 5/5
  1584 | D:5      | Found a snail-covered altar of Cheibriados.
  1615 | D:5      | Found a broken altar of Ashenzari.
  1715 | D:5      | Found a staircase to the Ecumenical Temple.
  1932 | D:5      | Reached skill level 7 in Ranged Weapons
  1932 | D:5      | Reached XP level 6. HP: 30/36 MP: 6/6
  2072 | D:5      | Noticed a water moccasin
  2076 | D:5      | Killed a water moccasin
  2077 | D:5      | Reached skill level 8 in Ranged Weapons
  2098 | D:5      | Reached XP level 7. HP: 39/39 MP: 7/7
  2101 | D:5      | Reached skill level 9 in Ranged Weapons
  2146 | D:5      | Found a sacrificial altar of Ru.
  2532 | D:4      | Reached *** piety under Hepliaklqana
  2969 | D:3      | Found a glowing golden altar of the Shining One.
  2979 | D:3      | Reached skill level 10 in Ranged Weapons
  3108 | D:3      | Got Cuwkinn's Omnibus of Electricity and Nightshade
  3748 | D:4      | Reached XP level 8. HP: 44/44 MP: 8/8
  3809 | D:4      | Reached skill level 5 in Dodging
  4166 | D:4      | Found a shadowy altar of Dithmenos.
  4494 | D:4      | Reached skill level 1 in Invocations
  5207 | D:6      | Reached **** piety under Hepliaklqana
  5459 | D:6      | Reached skill level 5 in Invocations
  5472 | D:6      | Reached XP level 9. HP: 49/49 MP: 12/12
  5705 | D:6      | Found a white marble altar of Elyvilon.
  6197 | D:7      | Noticed Joseph
  6218 | D:7      | Shot with a sling bullet by Joseph

Illustrated notes

Levels and vault maps discovered:
D:1:      wander_arrival_desolate, layout_basic,
          ebering_ecumenical_altar_abandoned, nicolae_hexahallways,
          minmay_misc_feat_doors
D:2:      layout_basic
D:3:      layout_basic, nicolae_tso_besieged_by_evil, minmay_puff
D:4:      layout_loops_cross, mainiacjoe_overflow_tiny_flanked,
          serial_co_window_serial, co_window_paths_a, co_window_paths_a,
          co_window_corner_a, co_window_corner_a, co_window_of_opportunity_a,
          co_window_unsneaky_path_e, co_window_corner_cb,
          co_window_of_opportunity_b, co_window_corner_cb,
          co_window_unsneaky_path_d, co_window_broadway_a, co_window_paths_e,
          glass_columns_b, glass_columns_a
D:5:      layout_loops_ring, mainiacjoe_overflow_catch_the_wave,
          nicolae_ru_awakened_eye, minmay_temple_entry_statues
D:6:      layout_loops_corners, nicolae_elyvilon_temple_path,
          serial_co_window_serial, co_window_corner_a,
          co_window_of_opportunity_a, co_window_cross_1, co_window_corner_a,
          co_window_of_opportunity_a, co_window_paths_b, co_window_corner_a,
          co_window_corner_b, co_window_corner_b, co_window_2corner,
          co_window_broadway_a, co_window_of_opportunity_b, co_window_cross_2,
          glass_columns_b, glass_columns_a, glass_columns_a, glass_columns_a
D:7:      layout_layer_cave, uniq_joseph

Skill      XL: |  1  2  3  4  5  6  7  8  9 |
---------------+----------------------------+-----
Fighting       | 3 4 5 7 |  7.5
Ranged Weapons | 6 7 8 10 | 10.0
Dodging        | 4 6 |  6.0
Invocations    | 5 |  5.0
Stealth        | |  1.3

Action                     |  1- 3 |  4- 6 |  7- 9 || total
---------------------------+-------+-------+-------++-------
   Fire: Shortbow          |    72 |    46 |   159 ||   277
 Invoke: Ancestor Life: Kn |     1 |       |       ||     1
         Recall Ancestor   |       |     1 |     1 ||     2
         Transference      |       |       |     1 ||     1
    Use: Scroll            |     5 |     4 |     5 ||    14
         Potion            |       |       |     2 ||     2
 Armour: Leather armour    |    12 |       |     9 ||    21
  Dodge: Dodged            |    30 |     7 |    31 ||    68

Table legend: (Time is in decaauts)
 A = Elapsed time spent in this place.
 B = Non-inter-level travel time spent in this place.
 C = Inter-level travel time spent in this place.
 D = Time resting spent in this place.
 E = Time spent auto-exploring this place.
 F = Levels seen in this place.
 G = Mean time per level.
                   A        B        C        D        E       F      G
               +--------+--------+--------+--------+--------+-----+--------+
         Total |   6258 |   5879 |    379 |    329 |   4971 |   7 |  894.0 |
       Dungeon |   6258 |   5879 |    379 |    329 |   4971 |   7 |  894.0 |
               +--------+--------+--------+--------+--------+-----+--------+

Top non-repeatable levels by time:
     D:6: 1347 daAuts
     D:4: 1271 daAuts
     D:5: 1101 daAuts
     D:3: 1022 daAuts
     D:1: 937 daAuts
     D:2: 522 daAuts
     D:7: 54 daAuts
